Cogmind - Beta 11 X7 @@@ ROGUE MODE // 2021.10.05 @ 23:21:57 Player: Runia Result: Destroyed by DAS Turret with DAS Cannon Performance ------------- Evolutions (1) 500 Regions Visited (5) 1000 Robots Destroyed (95) 475 Value Destroyed (2142) 2142 Prototype IDs (30) 600 Alien Tech Used (0) 0 Bonus (307) 307 TOTAL SCORE: 5024 Bonus ------- Follower Combat Kills 7 Aligned with FarCom 300 Cogmind --------- Core Integrity 0/400 Matter 218/300 Energy 49/100 System Corruption 2% Temperature Cool (2) Movement Walking (120) Location -9/Exiles Parts ------- > --- POWER (1) -------- (None) > --- PROPULSION (2) --- Advanced Myomer Leg Advanced Myomer Leg > --- UTILITY (3) ------ Large Storage Unit Experimental Targeting Computer Core Shielding > --- WEAPON (3) ------- Heavy Assault Rifle 8R-AWN's Boregun > --- INVENTORY (15) --- Compact Wheel Improved Heat Sink Experimental Heat Sink Cooling System High-capacity Matter Pod (30) High-capacity Matter Pod (0) Gravity Neutralizing Apparatus Advanced Weapon Cycler AS-neutralizer No. 17b Mini Grenade Launcher Peak State ------------ > --- POWER ------------ (None) > --- PROPULSION ------- Advanced Myomer Leg Advanced Myomer Leg > --- UTILITY ---------- Experimental Heat Sink Large Storage Unit Core Shielding > --- WEAPON ----------- Heavy Assault Rifle 8R-AWN's Boregun > --- INVENTORY -------- Compact Wheel Improved Heat Sink Cooling System High-capacity Matter Pod High-capacity Matter Pod Gravity Neutralizing Apparatus Experimental Targeting Computer Advanced Weapon Cycler AS-neutralizer No. 17b Mini Grenade Launcher [Rating: 40] Favorites ----------- Power Improved Ion Engine Engine Improved Ion Engine Power Core Light Nuclear Core Propulsion Light Treads Treads Light Treads Leg Advanced Myomer Leg Wheel Compact Wheel Utility Large Storage Unit Device Cooling System Storage Large Storage Unit Processor Salvage Targeting Computer Hackware Hacking Suite Protection Medium Armor Plating Weapon Spread Laser Energy Gun Spread Laser Ballistic Gun Light Assault Rifle Launcher Mini Grenade Launcher Special Weapon Plasma Cutter Impact Weapon Hammer Build | -11 -10 -10 -9 -9 -9 ------- Run | Scr Mat Min Mat Min Exi Slots Evolved 2 | . . . 2 . . Power . | . . . . . . Propulsion . | . . . . . . Utility 1 | . . . 1 . . Weapon 1 | . . . 1 . . Parts Attached 88 | . 8 . 52 7 21 Power 6 | . 1 . 4 . 1 Engine 5 | . 1 . 4 . . Core 1 | . . . . . 1 Reactor . | . . . . . . Propulsion 23 | . 3 . 15 1 4 Treads 20 | . 3 . 15 . 2 Leg 2 | . . . . . 2 Wheel 1 | . . . . 1 . Hover . | . . . . . . Flight . | . . . . . . Utility 26 | . 2 . 17 2 5 Device 7 | . 1 . 3 . 3 Storage 2 | . 1 . . 1 . Processor 2 | . . . 1 . 1 Hackware 3 | . . . 3 . . Protection 12 | . . . 10 1 1 Artifact . | . . . . . . Weapon 33 | . 2 . 16 4 11 Energy Gun 11 | . 2 . 8 1 . Energy Cannon . | . . . . . . Ballistic Gun 18 | . . . 7 2 9 Ballistic Cannon . | . . . . . . Launcher 1 | . . . . . 1 Special Weapon 2 | . . . 1 . 1 Impact Weapon 1 | . . . . 1 . Slashing Weapon . | . . . . . . Piercing Weapon . | . . . . . . Special Melee Weapon . | . . . . . . Unidentified Prototypes 7 | . . . 1 . 6 Parts Lost 16 | . . . 4 . 12 Power 2 | . . . . . 2 Propulsion 3 | . . . . . 3 Utility 3 | . . . 2 . 1 Weapon 8 | . . . 2 . 6 Highest Loss Streak 6 | . . . 1 . 6 Average Slot Usage (%) 96 | . 95 100 95 100 94 Engine 11 | . 14 14 10 11 8 Treads 20 | . 27 28 21 13 10 Wheel 2 | . . . . 8 8 Device 10 | . 10 14 8 11 10 Storage 11 | . 14 14 11 11 11 Protection 6 | . . . 9 11 11 Energy Gun 18 | . 11 28 23 20 7 Ballistic Gun 10 | . 16 . 7 10 22 Naked Turns . | . . . . . . Heaviest Build 47 | 13 32 32 45 47 47 Greatest Support 60 | 20 40 40 40 40 60 Greatest Overweight (x) 8 | . . . 1 2 8 Average Overweight (x) . | . . . . 1 1 Largest Inventory Capacity 15 | 8 15 15 15 15 15 Average Capacity 14 | 8 11 15 15 15 15 Most Carried 15 | 5 15 15 15 15 15 Average Carried 13 | 4 9 15 14 14 11 Final Capacity 15 | 8 15 15 15 15 15 Final Carried 15 | 4 15 15 15 15 10 Class Distribution -------------------- 41% | Mutant 40% | Tank 8% | Scavenger-Tank 4% | Scavenger-Mutant 3% | Scavenger-Gunner Dominant Class ---------------- Mutant | -10/Materials Mutant | -10/Mines Tank | -9/Materials Tank | -9/Mines Tank | -9/Exiles Resources | -11 -10 -10 -9 -9 -9 ----------- Run | Scr Mat Min Mat Min Exi Matter Collected 1769 | 200 292 . 627 121 529 Remotely . | . . . . . . Salvage Created 2877 | 19 771 73 1563 329 122 Parts 193 | 1 58 11 90 25 8 Haulers Intercepted 8 | . 2 . 6 . . Recyclers Shooed 2 | . . . 2 . . Parts Field Recycled . | . . . . . . Retrieved Matter . | . . . . . . Parts Self-Destructed . | . . . . . . Prevented . | . . . . . . Kills | -11 -10 -10 -9 -9 -9 ------- Run | Scr Mat Min Mat Min Exi Combat Hostiles Destroyed 64 | . 15 5 29 10 5 Guns 60 | . 15 5 29 10 1 AOE 4 | . . . . . 4 Classes Destroyed 14 | 1 6 . 5 1 1 Worker 9 | . 5 2 1 1 . Builder 1 | . . . 1 . . Tunneler 2 | 1 . . 1 . . Hauler 8 | . 2 . 6 . . Recycler 4 | . . . 2 2 . Operator 6 | . 4 . 2 . . Watcher 5 | . 1 . 4 . . Swarmer 14 | . 3 5 . 6 . Grunt 30 | . 12 . 17 1 . Brawler 2 | . . . 1 1 . Duelist 1 | . . . 1 . . Sentry 10 | . . . 10 . . Demolisher 2 | . . . . 2 . Assembled 4 | . . . . . 4 Best Kill Streak 4 | 1 3 2 4 3 4 Combat Bots Only 4 | . 3 2 4 3 4 Max Kills in Single Turn 2 | 1 2 1 1 2 2 Gunslinging 1 | . . . . 1 . Exploded 2 | . . . . . 2 Melee . | . . . . . . Uniques/NPCs Destroyed 1 | . . . . . 1 8R-AWN (-9/Exiles) Combat | -11 -10 -10 -9 -9 -9 -------- Run | Scr Mat Min Mat Min Exi Damage Taken 3645 | . 485 47 1428 342 1343 Core 496 | . 92 . 221 3 180 Absorbed by Shields . | . . . . . . Core Remaining (%) 81 | 100 . 63 . . . Volleys Fired 243 | 3 68 7 93 17 55 Largest 3 | 2 2 2 3 3 3 Hottest 175 | 40 130 130 175 163 69 Shots Fired 585 | 6 136 14 262 51 116 Gun 576 | 6 136 14 262 51 107 Cannon . | . . . . . . Launcher 6 | . . . . . 6 Special 3 | . . . . . 3 Kinetic 302 | 6 100 . 72 17 107 Thermal 268 | . 36 14 181 34 3 Explosive 6 | . . . . . 6 Electromagnetic 9 | . . . 9 . . Robot Hit Streak 16 | 1 15 7 16 7 15 Robot Miss Streak 8 | 3 7 5 8 8 3 Penetration Max . | . . . . . . Secondary Targets 5 | . 2 . 2 1 . Max Gunslinging Chain 1 | . 1 . 1 1 . Shots Hit Robots 446 | 2 99 13 208 35 89 Core Hits 364 | 2 70 22 212 37 21 Critical Kills 1 | . 1 . . . . Critical Parts Destroyed . | . . . . . . Critical Strikes 2 | . 1 . . . 1 Destroy 2 | . 1 . . . 1 Melee Attacks 7 | . . . . 7 . Impact 7 | . . . . 7 . Slashing . | . . . . . . Piercing . | . . . . . . Sneak Attacks 1 | . . . . 1 . Combat Hostiles . | . . . . . . Follow-up Attacks . | . . . . . . Damage Inflicted 5920 | 16 1084 165 2542 458 1655 Guns 5442 | 16 1084 165 2542 394 1241 Cannons . | . . . . . . Explosions 412 | . . . . . 412 Melee 57 | . . . . 57 . Ramming 7 | . . . . 7 . Kinetic 2430 | 16 748 . 304 121 1241 Thermal 2941 | . 336 165 2165 273 2 Explosive 412 | . . . . . 412 Electromagnetic 73 | . . . 73 . . Impact 57 | . . . . 57 . Slashing . | . . . . . . Piercing . | . . . . . . Highest Corruption 2 | . . . 2 2 2 Average Corruption 2 | . . . 2 2 2 Corruption Purged . | . . . . . . Effects 22 | . . . 5 7 10 Message Errors 7 | . . . 2 2 3 Heat Flow Errors 5 | . . . . 4 1 Energy Discharges 5 | . . . 1 1 3 Data Loss (minor) 5 | . . . 2 . 3 Overload Shots . | . . . . . . Overflow Damage 44 | . . . . 32 12 Projectiles . | . . . . . . Explosions 12 | . . . . . 12 Melee 32 | . . . . 32 . Knockbacks . | . . . . . . Impact . | . . . . . . Kinetic . | . . . . . . Secondary . | . . . . . . Self-Inflicted Damage 104 | . . . . . 104 Shots 4 | . . . . . 4 Rammed 2 | . . 1 . 1 . Targets Rammed 2 | . . 1 . 1 . Kicked . | . . . . . . Crushed . | . . . . . . Highest Temperature 306 | . 60 54 306 249 253 Average Temperature 77 | . 18 25 93 55 113 Received Heat Transfer 798 | . 255 . 543 . . Effects 2 | . . . 2 . . Energy Bleed 1 | . . . 1 . . Matter Decay 1 | . . . 1 . . Siege Activations . | . . . . . . Robots Corrupted . | . . . . . . Combat Hostiles . | . . . . . . Parts Fried . | . . . . . . Impact Corruptions 1 | . . . . 1 . Robots Melted . | . . . . . . Combat Hostiles . | . . . . . . Parts Melted . | . . . . . . Heat Transferred 3719 | . 415 215 2700 371 18 Parts Sabotaged . | . . . . . . Parts Stolen . | . . . . . . Parts Stripped . | . . . . . . Power Chain Reactions . | . . . . . . Missiles Intercepted . | . . . . . . Alert | -11 -10 -10 -9 -9 -9 ------- Run | Scr Mat Min Mat Min Exi Peak Influence 329 | 5 277 98 329 128 . Initial 33 | . 3 33 . 20 . Average 86 | 1 119 62 88 59 . Maximum Alert Level 1 | . 1 . 1 . . Low Security (%) 96 | 100 94 100 94 100 . Level 1 3 | . 5 . 5 . . Level 2 . | . . . . . . Level 3 . | . . . . . . Level 4 . | . . . . . . Level 5 . | . . . . . . High Security . | . . . . . . Max Security . | . . . . . . Squads Dispatched 10 | . 4 . 6 . . Investigation 3 | . 1 . 2 . . Extermination . | . . . . . . Reinforcement 7 | . 3 . 4 . . Assault . | . . . . . . Garrison . | . . . . . . Intercept . | . . . . . . Construction Impeded . | . . . . . . Haulers Reinforced . | . . . . . . Active Scanning Responses . | . . . . . . Cargo Convoy Interrupts . | . . . . . . Stealth | -11 -10 -10 -9 -9 -9 --------- Run | Scr Mat Min Mat Min Exi Distress Signals 4 | . 2 . 2 . . Communications Jammed . | . . . . . . Distress Signals . | . . . . . . Times Spotted 117 | . 34 7 52 11 13 Peak Tracking Total 9 | . 4 1 5 4 9 Tactical Retreats 6 | . . 2 2 . 2 Traps | -11 -10 -10 -9 -9 -9 ------- Run | Scr Mat Min Mat Min Exi Traps Triggered 11 | . 1 . 10 . . Indirectly . | . . . . . . Trap Hack Attempts . | . . . . . . Triggered . | . . . . . . Disarmed . | . . . . . . Reprogrammed . | . . . . . . Reused . | . . . . . . Traps Extracted . | . . . . . . Installed . | . . . . . . Triggered . | . . . . . . Exploded 3 | . . . . . 3 Machines | -11 -10 -10 -9 -9 -9 ---------- Run | Scr Mat Min Mat Min Exi Machines Disabled 6 | . . . . 1 5 Max in Single Turn 2 | . . . . 1 2 Machines Sabotaged . | . . . . . . Garrisons Compromised . | . . . . . . Overloaded Fab Kills . | . . . . . . Fab Network Shutdowns . | . . . . . . Hacking | -11 -10 -10 -9 -9 -9 --------- Run | Scr Mat Min Mat Min Exi Machines Accessed 11 | . 4 . 5 . 2 Terminals 8 | . 4 . 4 . . Fabricators . | . . . . . . Repair Stations 1 | . . . 1 . . Recycling Units . | . . . . . . Scanalyzers . | . . . . . . Garrison Access . | . . . . . . Total Hacks 23 | . 9 . 12 . 2 Successful 10 | . 1 . 7 . 2 Failed 13 | . 8 . 5 . . Catastrophic 1 | . . . 1 . . Database Lockouts . | . . . . . . Manual 9 | . 4 . 4 . 1 Terminals 18 | . 9 . 9 . . Fabricators . | . . . . . . Repair Stations 3 | . . . 3 . . Recycling Units . | . . . . . . Scanalyzers . | . . . . . . Garrison Access . | . . . . . . Terminal Hacks 6 | . . . 4 . 2 Record 1 | . . . . . 1 Unreport Threat 4 | . . . 4 . . EX-Prototype ID Bank 1 | . . . . . 1 Fabricator Hacks . | . . . . . . Repair Station Hacks 1 | . . . 1 . . Scan Component 1 | . . . 1 . . Recycling Unit Hacks . | . . . . . . Scanalyzer . | . . . . . . Garrison Access Hacks . | . . . . . . Unauthorized Hacks 3 | . 1 . 2 . . Terminals 3 | . 1 . 2 . . Botnet 3 | . 1 . 2 . . Fabricators . | . . . . . . Repair Stations . | . . . . . . Recycling Units . | . . . . . . Scanalyzers . | . . . . . . Garrison Access . | . . . . . . Data Cores Recovered . | . . . . . . Used . | . . . . . . Hacking Detections 9 | . 4 . 5 . . Full Trace Events 2 | . 1 . 1 . . Feedback Events . | . . . . . . Feedback Blocked . | . . . . . . Robot Schematics Acquired . | . . . . . . Robots Built . | . . . . . . Matter . | . . . . . . Time . | . . . . . . Total Robot Build Rating . | . . . . . . Part Schematics Acquired . | . . . . . . Parts Built . | . . . . . . Matter . | . . . . . . Time . | . . . . . . Total Part Build Rating . | . . . . . . Parts Repaired . | . . . . . . Time . | . . . . . . Parts Recycled . | . . . . . . Recycled Matter . | . . . . . . Retrieved Matter . | . . . . . . Retrieved Components . | . . . . . . Parts Scanalyzed . | . . . . . . Part Schematics Acquired . | . . . . . . Parts Damaged . | . . . . . . Bothacking | -11 -10 -10 -9 -9 -9 ------------ Run | Scr Mat Min Mat Min Exi Used RIF Installer . | . . . . . . Robots Hacked . | . . . . . . Non-combat . | . . . . . . Combat . | . . . . . . Robot Hacks Applied . | . . . . . . Relay Couplers Released . | . . . . . . Robots Rewired . | . . . . . . Allies Hacked . | . . . . . . Hacks Repelled . | . . . . . . Allies | -11 -10 -10 -9 -9 -9 -------- Run | Scr Mat Min Mat Min Exi Total Allies 3 | . . . . 3 . Largest Group 3 | . . . . 3 . Highest-Rated Group 40 | . . . . 40 . Highest-Rated Ally 16 | . . . . 16 . Total Orders . | . . . . . . Ally Attacks 9 | . . . . 9 . Total Damage 107 | . . . . 107 . Kills 2 | . . . . 2 . Allies Corrupted . | . . . . . . Allies Melted . | . . . . . . Intel | -11 -10 -10 -9 -9 -9 ------- Run | Scr Mat Min Mat Min Exi Robot Analysis Total . | . . . . . . Derelict Logs Recovered 5 | . . 2 . 3 . Drone Launches . | . . . . . . Drone Recoveries . | . . . . . . Exploration | -11 -10 -10 -9 -9 -9 ------------- Run | Scr Mat Min Mat Min Exi Turns Passed 7253 | 12 1373 904 2703 1159 1102 Spaces Moved 3503 | 3 705 544 955 664 632 Core 4 | . . . . . 4 Treads 2285 | . 682 544 955 99 5 Legs 69 | 3 23 . . . 43 Wheels 1145 | . . . . 565 580 Hover . | . . . . . . Flight . | . . . . . . Fastest Speed 120 | 120 120 160 160 130 120 Average Speed 171 | 120 158 160 229 149 131 Slowest Speed 450 | 120 160 160 260 260 450 Overloaded Moves . | . . . . . . Propulsion Burnouts . | . . . . . . Robots Hopped . | . . . . . . Cave-ins Triggered . | . . . . . . Exploration Rate (%) 72 | 2 93 97 80 88 72 Regions Visited 5 Branch Regions 3 Pre-discovered Areas 5 | . . 1 . 3 1 Known Exits Taken 1 | . . . 1 . . Unknown Exits Taken 4 | 1 1 1 . 1 . Scrap Searched 4 | . . 1 . 3 . Spaces Dug 3 | . . . . 3 . Terrain Destroyed 30 | . . . . 3 27 Melee 3 | . . . . 3 . Projectile . | . . . . . . AOE 27 | . . . . . 27 Terrain Rammed . | . . . . . . Walls Destroyed . | . . . . . . Machines Disabled . | . . . . . . Actions | -11 -10 -10 -9 -9 -9 --------- Run | Scr Mat Min Mat Min Exi Total 4283 | 7 835 563 1284 782 812 Wait 314 | . 29 12 125 76 72 Move 3498 | 2 704 543 954 663 632 Hop . | . . . . . . Pick Up 63 | . 17 . 25 4 17 Fast Attach 15 | . 1 . 11 1 2 Attach 28 | . 2 . 14 1 11 Detach 2 | . . . 1 . 1 Swap 45 | . 5 . 27 5 8 Drop 66 | 2 9 . 34 7 14 Fire 243 | 3 68 7 93 17 55 Melee 7 | . . . . 7 . Ram . | . . . . . . Kick . | . . . . . . Crush 2 | . . 1 . 1 . Escape Stasis . | . . . . . . Rewire . | . . . . . . Trap . | . . . . . . Miscellaneous . | . . . . . . Route ------- -11/Scrapyard -10/Materials (discovered 4 exits: *Mat x3 / [*Min]) -10/Mines (discovered 2 exits: *Mat x2) -9/Materials (discovered 3 exits: [*Mat x2] / *Min) -9/Mines (discovered 4 exits: [*Mat x2] / *Exi / [*Zio]) -9/Exiles (discovered 1 exit: [*Min]) History --------- Turn | Location | Event 5 | -11/Scrapyard | Discovered new exit (range 3) 13 | -11/Scrapyard | Entered Materials 301 | -10/Materials | Build established: Mutant 322 | -10/Materials | Discovered new exit (range 15) 520 | -10/Materials | Discovered new exit (range 7) 900 | -10/Materials | Discovered new exit (range 3) 1228 | -10/Materials | Discovered new exit (range 16) 1386 | -10/Materials | Entered Mines 1401 | -10/Mines | Learned location of 1 exit from Materials 1671 | -10/Mines | Discovered new exit (range 7) 1674 | -10/Mines | Discovered new exit (range 8) 1735 | -10/Mines | Learned location of Zion (-7) 2290 | -10/Mines | Entered Materials 2290 | -9/Materials | Evolved 2 slots: Utility x1, Weapon x1 2291 | -9/Materials | Identified exit to Mines 3127 | -9/Materials | Build established: Tank 3170 | -9/Materials | Discovered new exit (range 3) 3492 | -9/Materials | Discovered new exit (range 16) 3609 | -9/Materials | Build established: Scavenger-Tank 4063 | -9/Materials | Core integrity fell below 50% 4340 | -9/Materials | Build established: Mutant 4959 | -9/Materials | Build established: Tank 4993 | -9/Materials | Entered Mines 5014 | -9/Mines | Met a Derelict bent on vengeance 5047 | -9/Mines | A weapon hastily lodged in a ceiling crevice suddenly fell to the ground 5150 | -9/Mines | Learned location of Storage (-8) 5223 | -9/Mines | Assembled infested the area 5695 | -9/Mines | Discovered new exit (range 8) 5710 | -9/Mines | Assisted by bots powering up and referring to "LRC-V3" 5790 | -9/Mines | Discovered new exit (range 11) 6013 | -9/Mines | Learned location of 1 exit from Materials 6067 | -9/Mines | A Derelict revealed a hidden shortcut to a safe place 6145 | -9/Mines | Deemed a non-threat by the Exiles lab entrance 6145 | -9/Mines | Discovered new exit (range 5) 6152 | -9/Mines | Entered Exiles 6185 | -9/Exiles | Met 8R-AWN 6204 | -9/Exiles | Met EX-HEX 6258 | -9/Exiles | Met EX-DEC 6303 | -9/Exiles | Discovered new exit (range 10) 6767 | -9/Exiles | Met EX-BIN 6781 | -9/Exiles | Aligned with FarCom system 6782 | -9/Exiles | Given EX-Vault access code 6812 | -9/Exiles | Opened EX-Vault 6843 | -9/Exiles | Warned to stay clear of 0b10 Research branches 6906 | -9/Exiles | Attacked by the Exiles 7076 | -9/Exiles | Lost 6 parts (1p2n3w) 7105 | -9/Exiles | Core integrity fell below 20% 7118 | -9/Exiles | Destroyed 8R-AWN 7140 | -9/Exiles | Lost 5 parts (1p1n3w) 7147 | -9/Exiles | Found Prototype Ballistic Gun 7148 | -9/Exiles | Identified 8R-AWN's Boregun 7150 | -9/Exiles | Found Prototype Processor 7157 | -9/Exiles | Found Prototype Device 7205 | -9/Exiles | Identified AS-neutralizer No. 17b 7207 | -9/Exiles | Identified Exp. Targeting Computer 7254 | -9/Exiles | Destroyed by DAS Turret with DAS Cannon Last Messages --------------- Acquired Prototype Ballistic Gun. System corrupted: Energy discharge (-14). Identified 8R-AWN's Boregun. Acquired Prototype Processor. Acquired Prototype Device. Acquired Adv. Weapon Cycler. Acquired Com. Wheel. Acquired 120 matter. Acquired 9 matter. Acquired Hcp. Matter Pod. Identified Exp. Heat Sink. Identified Gravity Neutralizing Apparatus. Identified AS-neutralizer No. 17b. Identified Exp. Targeting Computer. System corrupted: Heat flow error (+279). HV Slug penetrates Machine. HV Slug penetrates Wall. HV Slug penetrates Machine. HV Slug penetrates DAS Turret. HV Slug penetrates Wall. Map ----- +----------------------------------------------------+ | ??????????????????????????????????????????"""""?# | | ?????????????????????????????????????????"""" ## | | #???????????????????????????????????????#""X" | | #???????????????????????????????????????#" | | #???????????????????????????????????????#" ## | | ###?????????????????????????????????????#""""""?# | | #??????????????????????????????????????#"###??# | | ##?????????????????????????????????????????????# | | #??????????????????????????????????????????????# | | ##????????????????????????????????????????????## | | #????????????#######?????????????????????????#" | | #######??????#!!! "#?????????????????????????#" | | #""##?????# "#?????????????????????????#" | | #?????# "#?????????????????????????#" | | ##???## ""#????????????####?????????#" | | #####" " #???????????? """????????#" | | # ##" "#????????????" """#???????## | | ## #"" ####??????????"" ?????????# | | ?#"## # #??????????"" ?????????#" | | ?####### # ###?????????"" "?????????#" | | ???????### ###???????? ""?????????#" | | ?########" #?????????" "?????????##" | | ?# ! """" ####???????# #????????##"" | | ?#!! ## % ;###???### ###?######"" | | ?#! # ""#####X# #"###""""""" | | ?#! ; @ """""" " "" | | ?# ! "" """# ## "" """ " | | ?######"#""# ####### [% " " | | ?????# ## # #?????### % | | ????# #? # #???????### | | ???# #?# ## #?????????## | | ??# #?? ?# #??????????## | | ?# #??# # ?? #???????????## | | ?##??? #?? #????????????# """" | | ?????# # ??? #???????????## ##### | | ????? ##???##???????????#" ""##???? | | ????# #?????????????????##" """##????? | | ???? ??????????????????#""" """##?????? | | ???? ???????????????????#""" ""#??????? | | ????????????????????????#"" ########? | | ????????????????????????#""" ## ## | | ????????????????????????#"" " | | ????????????????????????##"" | | ?????????????????????????#"""" | | ?????????????????????????## | | ??????????????????????????#" " | | ??????????????????????????#"""" ""## | | ??????????????????????????#"" ""#### | | ??????????????????????????#" """"##??# | | ??????????????????????????#""" """#??## | +----------------------------------------------------+ Best States ------------- Heat Dissipation 50 Energy Generation 14 Energy Capacity 265 Matter Stores 300 Matter Capacity 300 Sight Range 16 Terrain Scan Density 10 Additional Mass Support 12 Armor Coverage 225 Core Shielding 20 Evasion (%) 55 Targeting Accuracy 12 Recoil Reduction 2 Salvage Targeting 1 Offensive Hacking 20 Item Schematics ----------------- None Robot Schematics ------------------ None Fabricated ------------ Nothing Alien Tech Used ----------------- None Achievements -------------- None Challenges ------------ None Game ------ Seed SensorGammaBay Manual? 0 Play Time 00:34:33 Cumulative 357.5 hours Start 2021.10.05 @ 22:42:48 End 2021.10.05 @ 23:21:57 Sessions 1 Manual Loads 0 Difficulty Rogue Special Mode None Game No. 380 Rogue 380 Adventurer 0 Explorer 0 Win Type - Total 7 Types 6/0/0/1/0/0/0/0/0 Lore% 79 Gallery% 90 Achievement% 69 Wizard Run 0 Options --------- ASCII 0 Keyboard 0 Movement Mouse Keybinds 1 Fullscreen 2 Font 24/Smallcaps Map View 76x50 Tactical HUD 1 Map Filters NONE Filters NONE Steam 1 RUN: fcd3624e-fc91-4051-8763-9e8c4805496c